 Dungeon Crawl Stone Soup version 0.30-a0-986-g7f2e898f52 (webtiles) character file.

Game seed: 10516195396762295285

2865 ytrimaz the Cleaver (level 10, 0/63 HPs)
             Began as a Formicid Fighter on Apr 2, 2023.
             Was an Initiate of Ru.
             Succumbed to a killer bee's poison
             ... on level 6 of the Dungeon.
             The game lasted 00:11:34 (7862 turns).

ytrimaz the Cleaver (Formicid Fighter)              Turns: 7862, Time: 00:11:35

Health: 0/63       AC:  9    Str: 31    XL:     10   Next: 4%
Magic:  10/10      EV:  9    Int: 11    God:    Ru [......]
Gold:   320        SH:  5    Dex: 12    Spells: 9/9 levels left

rFire   . . .      SeeInvis +    a - +0 war axe
rCold   . . .      Faith    .    c - +0 buckler
rNeg    . . .      Spirit   .    b - +0 scale mail
rPois   .          Reflect  .    (helmet unavailable)
rElec   .          Rampage  .    (no cloak)
rCorr   .                        f - +1 pair of gloves
Will    +....                    (no boots) Stlth
                                 d - amulet of magic regeneration
HPRegen 0.30/turn                e - +6 ring of strength
MPRegen 0.52/turn                (no ring)

@: lethally poisoned (0 -> 0), unable to read
A: permanent stasis, dig shafts and tunnels, antennae 3, four strong arms,
clever 1, frail 1, inability to read after injury 1
a: Dig, Shaft Self, Renounce Religion


You were on level 6 of the Dungeon.
You worshipped Ru.
Ru was noncommittal.
You visited 2 branches of the dungeon, and saw 8 of its levels.
You also visited: Sewer.

You collected 461 gold pieces.
You spent 141 gold pieces at shops.


Innate Abilities, Weirdness & Mutations

You cannot be hasted, slowed, berserked, paralysed or teleported.
You can dig through walls and to a lower floor.
You have a pair of large antennae on your head. (SInv)
Your four strong arms can wield two-handed weapons with a shield.
Your mind is acute. (Int +4, Str/Dex -1)
You are frail. (-10% HP)
You occasionally lose the ability to read scrolls when taking damage.


   Skills:
 - Level 3.2 Fighting
 + Level 13.2 Axes
 - Level 3.2 Armour
 - Level 4.0 Shields


You had 9 spell levels left.
You didn't know any spells.
Your spell library contained the following spells:

 Spells                   Type           Power      Damage    Failure   Level
 Shock                    Conj/Air       0%         1d3       65%         1
 Cigotuvi's Dreadful Rot  Necr/Pois/Air  0%         N/A       78%         2
 Poisonous Vapours        Pois/Air       0%         N/A       78%         2
 Scorch                   Fire           0%         2d5       78%         2
 Call Canine Familiar     Summ           0%         N/A       95%         3
 Mephitic Cloud           Conj/Pois/Air  0%         N/A       95%         3
 Portal Projectile        Hex/Tloc       0%         N/A       95%         3
 Dispel Undead            Necr           0%         3d6       100%        4
 Flame Wave               Conj/Fire      0%         2d4       100%        4
 Leda's Liquefaction      Hex/Erth       0%         N/A       100%        4
 Olgreb's Toxic Radiance  Pois           0%         N/A       100%        4
 Death Channel            Necr           0%         N/A       100%        6
 Summon Cactus Giant      Summ           0%         N/A       100%        6
 Orb of Destruction       Conj           0%         9d5       100%        7
 Ozocubu's Refrigeration  Ice            0%         4d7       100%        7
 Ignition                 Fire           0%         3d3       100%        8
 Lehudib's Crystal Spear  Conj/Erth      0%         10d2      100%        8

Inventory:

Hand Weapons
 a - a +0 war axe (weapon)
Missiles
 g - 6 boomerangs (quivered)
Armour
 b - a +0 scale mail (worn)
 c - a +0 buckler (worn)
 f - a +1 pair of gloves (worn)
   (You bought it in a shop on level 3 of the Dungeon)
Jewellery
 d - an amulet of magic regeneration (around neck)
   (You found it on level 4 of the Dungeon)
 e - a +6 ring of strength (left hand)
   (You found it on level 5 of the Dungeon)
Scrolls
 j - 4 scrolls of identify
 k - a scroll of immolation
 n - a scroll of enchant armour
Potions
 h - a potion of curing
 i - a potion of attraction

Dungeon Overview and Level Annotations

Branches:
Dungeon (7/15) Zot: 25379  Temple (1/1) D:6 Zot: 5692   Sewer (visited)

Altars:
Ashenzari
Cheibriados
Dithmenos
Elyvilon
Fedhas
Nemelex Xobeh
Qazlal
Ru
Sif Muna
Trog
Uskayaw
Vehumet
Wu Jian
Yredelemnul
Zin
The Shining One

Shops:
D:3 [   D:4 *   D:7 ?

Annotations:
D:4 3 runed translucent doors, DeathPants's ghost, amateur VSRe

###..#### ##....#
#...y{# #.....###
#.......# ##########..
#..####'####...y......#
#..#..[)...#.###..#####
#..#.......#.y....#
#..#...>[..'@y..#.#
####.......####.#.#
#.......####.#.#########
####'####....#....[....#
#.#..# ##############.#
#.##.# #<# #.##.# ###
#....# ######


You could see 2 killer bees.


Message History

Your mp is fully restored (10).
You hit the orc. The orc barely misses you.
You barely miss the orc.
The orc hits you with a +0 dagger. 😕 HP[-2]
You take 2 damage, and now have 56/63 hp.
You slice the orc!!
You kill the orc!
Unknown command.
Items here: )) [[ †. 😕 HP[+1]
You hit the orc wizard. You block the orc wizard's attack.
You slash the orc wizard!
You kill the orc wizard!
Things that are here:
a +0 dagger; a +0 robe; an orc corpse; 😕 HP[+1] Unknown command.
No target in view!
No target in view!
An orc comes into view. It is wielding a +0 hand axe. 😕 HP[+3]
You regained 3 hp, and now have 61/63 hp.
An orc is nearby!
Things that are here:
a +0 dagger; a +0 robe; an orc corpse; 😕 HP[+1]
Items here: )) [[ †.
You closely miss the orc. You block the orc's attack.
Unknown command.
You slash the orc!
You kill the orc! 😎 HP[+1]
Your hp is fully restored (63).
No target in view!
Things that are here:
a +0 hand axe; an orc corpse Unknown command.
There is a stone staircase leading up here.
Key pressed, stopping explore.
Key pressed, stopping explore.
You see here a +0 scale mail.
Key pressed, stopping explore.
You see here a scroll of vulnerability.
Key pressed, stopping explore.
You see here a scarf of shadows.
Key pressed, stopping explore.
You see here 5 stones.
There is an escape hatch in the floor here.
There is a stone staircase leading down here.
Key pressed, stopping explore.
Done exploring.
There is a stone staircase leading up here.
You climb upwards.
The killer bee buzzes angrily.
There is a stone staircase leading down here.
Unknown command.
There are monsters nearby!
Unknown command.
The killer bee stings you but does no damage.
The killer bee stings you.
You are poisoned.
The killer bee poisons you! The killer bee barely misses you.
The killer bee closely misses you. The killer bee stings you.
The killer bee stings you but does no damage. x3
You climb downwards.
You feel sick.
There is a stone staircase leading up here. 😕 HP[-9]
You take 9 damage, and now have 54/63 hp.
Unknown command.
Really read the scroll of immolation?
As you read the scroll of immolation, it crumbles to dust.
The creatures around you are filled with an inner flame!
You feel sick. You block the killer bee's attack.
The killer bee closely misses you.
The killer bee stings you but does no damage. 😕 HP[-1]
You take 1 damage, and now have 53/63 hp.
Unknown command.
You miss the killer bee. You slash the killer bee!
Flame seeps out of the killer bee.
You feel sick.
The killer bee is engulfed in blazing flames.
The killer bee explodes!
The fiery explosion engulfs the killer bee!
Flame seeps out of the killer bee.
The fiery explosion engulfs you!!
* * * LOW HITPOINT WARNING * * *
You block the killer bee's attack.
The killer bee is engulfed in blazing flames.
The killer bee explodes!
You block the killer bee's attack.
Unknown command. 😨 HP[-26]
You take 26 damage, and now have 27/63 hp.
MASSIVE DAMAGE!! (PAUSE) Unknown command.
You are engulfed in blazing flames.
You feel threatened and lose the ability to read scrolls!
* * * LOW HITPOINT WARNING * * *
You feel sick. The killer bee stings you!
* * * LOW HITPOINT WARNING * * *
The killer bee stings you but does no damage.
You climb upwards.
You die...

Skill      XL: |  1  2  3  4  5  6  7  8  9 |
---------------+----------------------------+-----
Axes           | 3 5 7 8 10 13 | 13.2
Fighting       | |  3.2
Armour         | |  3.2
Shields        | |  4.0

Action                     |  1- 3 |  4- 6 |  7- 9 | 10-12 || total
---------------------------+-------+-------+-------+-------++-------
  Melee: War axe           |    58 |   201 |   313 |     8 ||   580
  Throw: Boomerang         |       |       |     9 |       ||     9
Ability: Dig               |       |       |     4 |       ||     4
         Shaft Self        |       |       |     2 |       ||     2
    Use: Potion            |     1 |       |     9 |       ||    10
         Scroll            |       |     6 |     5 |     1 ||    12
 Armour: Scale mail        |    28 |   101 |   217 |     6 ||   352
  Dodge: Dodged            |    25 |    92 |   173 |     4 ||   294
  Block: Buckler           |    16 |    43 |    75 |     5 ||   139

Levels and vault maps discovered:
D:1:      nicolae_arrival_washed_ashore, layout_loops_ring,
          minmay_misc_feat_room
D:2:      layout_rooms, minmay_stone_trees_small, uniq_sigmund
D:3:      layout_rooms, portal_sewer_entry_f,
          shapermc_ecumenical_altar_hornbeckon, serial_shops, shop
D:4:      layout_layer_cave, grunt_dithmenos_smoke_and_mirrors,
          gammafunk_ghost_icy, minmay_shop_mass
D:5:      layout_basic, lemuel_doored_altar, fedhas_altar_1, uniq_eustachio,
          uniq_pikel
D:6:      layout_basic, temple_green
D:7:      layout_loops_ring, serial_shops, shop, minivault_24,
          kennysheep_generic_room_16
Temple:   nicolae_temple_figure_eight

Notes
Turn   | Place    | Note
-------+----------+-------------------------------------------
     0 | D:1      | ytrimaz the Formicid Fighter began the quest for the Orb.
     0 | D:1      | Reached XP level 1. HP: 18/18 MP: 1/1
     0 | D:1      | magus.rc [v1.9.6]
    19 | D:1      | You pick up a book of Vapours and begin reading...
    19 | D:1      | You add the spells Poisonous Vapours, Cigotuvi's Dreadful
                  | Rot and Mephitic Cloud to your library.
   132 | D:1      | Reached XP level 2. HP: 24/24 MP: 2/2
   242 | D:1      | You fall into a shaft and drop 1 floor!
   336 | D:1      | Reached skill level 3 in Axes
   428 | D:1      | Reached XP level 3. HP: 27/29 MP: 3/3
   801 | D:2      | Noticed Sigmund
   808 | D:2      | Killed Sigmund
   809 | D:2      | Reached skill level 5 in Axes
   809 | D:2      | Reached XP level 4. HP: 12/35 MP: 4/4
   809 | D:2      | Reached XP level 5. HP: 14/41 MP: 5/5
   813 | D:2      | Reached XP level 6. HP: 16/47 MP: 6/6
  1086 | D:2      | Reached skill level 6 in Axes
  1608 | D:3      | Found Bifeoworr's Armour Boutique.
  1623 | D:3      | Bought a +0 pair of gloves for 45 gold pieces
  1731 | D:3      | You pick up a book of the Hunter and begin reading...
  1731 | D:3      | You add the spells Call Canine Familiar, Portal Projectile
                  | and Leda's Liquefaction to your library.
  1859 | D:3      | Found a faded altar of an unknown god.
  1906 | D:3      | Found a glowing drain.
  2036 | Sewer    | Entered a sewer
  2267 | Sewer    | Reached skill level 7 in Axes
  2267 | Sewer    | Reached XP level 7. HP: 36/52 MP: 7/7
  2379 | Sewer    | You pick up a book of Scorching and begin reading...
  2379 | Sewer    | You add the spells Scorch, Flame Wave and Summon Cactus
                  | Giant to your library.
  2381 | Sewer    | You add the spells Shock, Orb of Destruction and Lehudib's
                  | Crystal Spear to your library.
  2381 | Sewer    | Got Qoekleirr's Atlas of Power
  2646 | D:4      | Found a shadowy altar of Dithmenos.
  2704 | D:4      | Found Doweiretif's Mass Market.
  2705 | D:4      | Found a runed translucent gate.
  2706 | D:4      | Found a runed translucent gate.
  2725 | D:4      | Found a runed translucent gate.
  2761 | D:4      | HP: 11/47 [gnoll/+0 whip[a gnoll bouda] (5)]
  2911 | D:4      | You pick up a book of Decay and begin reading...
  2911 | D:4      | You add the spells Dispel Undead and Death Channel to your
                  | library.
  3140 | D:4      | Noticed DeathPants's ghost (amateur VSRe)
  3454 | D:4      | Noticed a water moccasin
  3468 | D:4      | Killed a water moccasin
  3469 | D:4      | Reached skill level 8 in Axes
  4165 | D:5      | Entered Level 5 of the Dungeon
  4259 | D:5      | Reached XP level 8. HP: 58/58 MP: 8/8
  4391 | D:5      | You add the spells Olgreb's Toxic Radiance, Ozocubu's
                  | Refrigeration and Ignition to your library.
  4413 | D:5      | Noticed Eustachio
  4444 | D:5      | HP: 14/58 [adder (2)]
  4449 | D:5      | HP: 8/58 [adder (1)]
  4456 | D:5      | HP: 14/58 [quasit[Eustachio] (2)]
  4468 | D:5      | Gained mutation: You occasionally lose the ability to read
                  | scrolls when taking damage. [potion of mutation]
  4468 | D:5      | Gained mutation: You are frail. (-10% HP) [potion of
                  | mutation]
  4468 | D:5      | Gained mutation: Your mind is acute. (Int +4, Str/Dex -1)
                  | [potion of mutation]
  4472 | D:5      | HP: 13/52 [quasit[Eustachio] (1)]
  4477 | D:5      | HP: 4/52 [Eustachio/+0 rapier (3)]
  4478 | D:5      | Killed Eustachio
  4479 | D:5      | Reached skill level 9 in Axes
  4663 | D:5      | Noticed Pikel
  4697 | D:5      | Killed Pikel
  4698 | D:5      | Reached skill level 10 in Axes
  4806 | D:5      | Reached XP level 9. HP: 52/57 MP: 9/9
  4979 | D:5      | Reached skill level 11 in Axes
  5332 | D:5      | Found a blossoming altar of Fedhas.
  5724 | D:5      | Found a bloodstained altar of Trog.
  5843 | D:6      | Found a staircase to the Ecumenical Temple.
  5893 | Temple   | Entered the Ecumenical Temple
  6188 | Temple   | Became a worshipper of Ru the Awakened
  6235 | D:6      | You fall into a shaft and drop 1 floor!
  6380 | D:7      | Reached skill level 12 in Axes
  6623 | D:6      | HP: 12/57 [poisoned by a killer bee]
  6624 | D:6      | You fall into a shaft and drop 1 floor!
  6628 | D:7      | HP: 7/57 [poisoned by a killer bee]
  7079 | D:7      | Found Cianitib's Magic Scroll Boutique.
  7088 | D:7      | Bought 2 scrolls of identify for 48 gold pieces
  7088 | D:7      | Bought a scroll of immolation for 48 gold pieces
  7163 | D:7      | HP: 11/57 [something (5)]
  7481 | D:7      | Reached skill level 13 in Axes
  7624 | D:7      | Reached XP level 10. HP: 58/63 MP: 10/10
  7861 | D:7      | HP: 9/63 [cloud of flame (18)]
  7861 | D:7      | HP: 1/63 [killer bee (7)]
  7862 | D:6      | Succumbed to a killer bee's poison

Vanquished Creatures
  Pikel (D:5)
  Sigmund (D:2)
  Eustachio (D:5)
  A wraith (D:5)
  A steam dragon (D:7)
  2 water moccasins
  A sky beast (D:7)
  An ice beast (D:7)
  A centaur (D:7)
  2 phantoms (D:5)
  2 bullfrogs (Sewer)
  4 scorpions
  2 killer bees (D:7)
  2 gnoll boudas
  3 hounds
  5 orc priests
  A sleepcap (D:5)
  4 iguanas
  5 orc wizards (D:7)
  7 gnolls
  9 adders
  A white imp (D:5)
  3 ufetubi
  4 worms (D:2)
  A dart slug (D:4)
  14 orcs
  10 ball pythons
  6 bats
  6 endoplasms
  9 giant cockroaches
  7 goblins
  10 hobgoblins
  6 jackals
  4 quokkas
  11 frilled lizards
  7 kobolds
  6 rats
161 creatures vanquished.

Vanquished Creatures (others)
  A shadow imp (D:7)
1 creature vanquished.

Grand Total: 162 creatures vanquished

Table legend:
 A = Non-vault XP
 B = Vault XP
 C = Vault XP percentage of total XP
 D = Non-vault monster count
 E = Vault monster count
 F = Vault count percentage of total count
                 A         B        C        D         E       F
            +---------+---------+-------+---------+---------+-------
      Total |    2526 |    1567 |  38.3 |     131 |      30 |  18.6
            +---------+---------+-------+---------+---------+-------
        D:1 |      32 |       0 |   0.0 |      20 |       0 |   0.0
        D:2 |      88 |     226 |  72.0 |      25 |       1 |   3.8
        D:3 |      62 |       8 |  11.4 |      14 |       4 |  22.2
        D:4 |     317 |       0 |   0.0 |      23 |       0 |   0.0
        D:5 |     964 |     796 |  45.2 |      25 |       2 |   7.4
        D:6 |     100 |       0 |   0.0 |       6 |       0 |   0.0
        D:7 |     963 |     302 |  23.9 |      18 |       3 |  14.3
      Sewer |       0 |     235 | 100.0 |       0 |      20 | 100.0
            +---------+---------+-------+---------+---------+-------

Illustrated notes

Table legend:
 A = Kills in this place as a percentage of kills in the entire game.
 B = Kills by you in this place as a percentage of kills by you in the entire game.
 C = Kills by friends in this place as a percentage of kills by friends in the entire game.
 D = Other kills in this place as a percentage of other kills in the entire game.
 E = Experience gained in this place as a percentage of experience gained in the entire game.
 F = Experience gained in this place divided by the number of levels of this place that you have seen.
                   A       B       C       D       E      F
               +-------+-------+-------+-------+-------+----------------------
         Total | 100.0 | 100.0 |   N/A |   N/A | 100.0 | 454.8
       Dungeon |  87.6 |  87.6 |   N/A |   N/A |  94.3 | 551.1
         Sewer |  12.4 |  12.4 |   N/A |   N/A |   5.7 | 235.0
               +-------+-------+-------+-------+-------+----------------------

Table legend: (Time is in decaauts)
 A = Elapsed time spent in this place.
 B = Non-inter-level travel time spent in this place.
 C = Inter-level travel time spent in this place.
 D = Time resting spent in this place.
 E = Time spent auto-exploring this place.
 F = Levels seen in this place.
 G = Mean time per level.
                   A        B        C        D        E       F      G
               +--------+--------+--------+--------+--------+-----+--------+
         Total |   7994 |   7782 |    212 |    476 |   5817 |   9 |  888.2 |
       Dungeon |   7273 |   7085 |    188 |    420 |   5420 |   7 | 1039.0 |
        Temple |    307 |    283 |     24 |     56 |    198 |   1 |  307.0 |
         Sewer |    413 |    413 |      0 |      0 |    199 |   1 |  413.0 |
               +--------+--------+--------+--------+--------+-----+--------+

Top non-repeatable levels by time:
     D:5: 1660 daAuts
     D:7: 1599 daAuts
     D:4: 1583 daAuts
     D:1: 784 daAuts
     D:3: 759 daAuts
     D:2: 756 daAuts
   Sewer: 413 daAuts
  Temple: 307 daAuts
     D:6: 130 daAuts
